 Dungeon Crawl Stone Soup version 0.26-a0-652-gafc20e3620 (webtiles) character file.

Game seed: 10142317969737736156

804 Decritt the Skirmisher (level 7, -16/62 HPs)
             Began as a Hill Orc Abyssal Knight on Oct 2, 2020.
             Was a Believer of Lugonu.
             Blown up by an orc (32 damage)
             ... with a disintegration bolt
             ... on level 4 of the Dungeon.
             The game lasted 00:21:58 (4480 turns).

Decritt the Skirmisher (Hill Orc Abyssal Knight)    Turns: 4480, Time: 00:21:59

Health: -16/62     AC:  8    Str: 17    XL:     7   Next: 91%
Magic:  11/11      EV: 13    Int: 12    God:    Lugonu [**....]
Gold:   313        SH:  0    Dex: 10    Spells: 6/6 levels left

rFire    + . .     SeeInvis .   w - +2 mace (holy)
rCold    . . .     Faith    .   (no shield)
rNeg     . . .     Spirit   .   k - +0 scale mail
rPois    .         Reflect  .   (no helmet)
rElec    .         Harm     .   r - +0 cloak
rCorr    .         Rampage  .   (no gloves)
MR       .....                  (no boots)
Stlth    ..........             m - amulet of regeneration
HPRegen  0.60/turn              v - ring of protection from fire
MPRegen  0.12/turn              q - +4 ring of evasion

@: no status effects
A: no striking features
a: Depart the Abyss, Bend Space, Renounce Religion


You were on level 4 of the Dungeon.
You worshipped Lugonu.
Lugonu was pleased with you.
You visited 1 branch of the dungeon, and saw 4 of its levels.
You visited the Abyss 1 time.

You collected 313 gold pieces.

Inventory:

Hand Weapons
 a - a +1 hand axe
 h - a +1 vampiric halberd
 o - a +1 hand axe of flaming
 w - a +2 mace of holy wrath (weapon)
Missiles
 g - 22 poisoned darts (quivered)
 l - 3 boomerangs
Armour
 k - a +0 scale mail (worn)
 r - a +0 cloak (worn)
Jewellery
 b - an uncursed ring of magical power
 m - an amulet of regeneration (around neck)
 q - a +4 ring of evasion (right hand)
 s - an uncursed ring of flight
 v - a ring of protection from fire (left hand)
Wands
 c - a wand of polymorph (8)
Scrolls
 d - 2 scrolls of teleportation {unknown}
 e - a scroll of immolation {unknown}
 j - a scroll of amnesia {unknown}
 n - a scroll of noise {unknown}
 t - a scroll of fog {unknown}
 x - a scroll of remove curse
Potions
 f - a potion of berserk rage
 i - 2 potions of heal wounds
 p - a potion of curing {unknown}
 u - a potion of brilliance {unknown}


   Skills:
 + Level 5.8 Fighting
 - Level 5.0(5.3) Axes
 + Level 1.9(3.3) Maces & Flails
 + Level 2.8 Throwing
 + Level 4.5 Armour
 - Level 0.7 Dodging
 + Level 5.4 Invocations
 + Level 1.4 Evocations


You had 6 spell levels left.
You didn't know any spells.
Your spell library was empty.

Dungeon Overview and Level Annotations

Branches:
Dungeon (4/15)
 Temple: D:4-7

Altars:
Fedhas
Hepliaklqana
Okawaru
Qazlal


Message History

You sock the orc priest!
The orc priest is heavily wounded.
The orc priest mumbles some strange prayers to Beogh against you.
You struggle to resist.
You sock the orc priest!
You kill the orc priest!
Lugonu accepts your kill.
The orc zaps a wand.
You are blasted!
You completely miss the orc. The orc barely misses you.
Your scale mail prevents you from hitting the orc.
The orc barely misses you.
You thump the orc!
You kill the orc!
Lugonu accepts your kill.
The orc zaps a wand.
You are blasted!
* * * LOW HITPOINT WARNING * * *
A worker ant comes into view.
The orc zaps a wand.
You are blasted!
Ouch! That really hurt!
You die...

.......#)..####..... #..........#
.... #..........# ###
...........#####.#
.................#.
...................
.....#...........#
#.......##..........##
#............@.........
###....#.......)......#.
#......###.#.#.###...a.....
###.....###.>###)...###.....
##........##..#..o.#.........
#.....#............###.......
#.....<.............##.......
####....##...........##..........
#....###....o.........#......#


You could see a worker ant (wandering) and an orc.

Vanquished Creatures
  A phantom (D:4)
  A sky beast (D:3)
  An ogre (D:4)
  Blork the orc (D:4)
  An orc priest (D:4)
  Crazy Yiuf (D:3)
  3 orc wizards (D:4)
  4 worker ants
  Natasha (thrice) (D:3)
  4 gnolls (D:3)
  2 adders
  An ooze (D:1)
  5 worms
  3 dart slugs
  4 leopard geckos
  8 orcs
  4 giant cockroaches
  4 goblins
  7 hobgoblins
  6 jackals
  6 bats
  3 frilled lizards
  2 kobolds (D:1)
  A leopard gecko skeleton (D:4)
  5 rats
81 creatures vanquished.

Vanquished Creatures (others)
  An orc (D:4)
  3 fungi (D:3)
  3 plants (D:3)
7 creatures vanquished.

Grand Total: 88 creatures vanquished

Notes
Turn   | Place    | Note
-------+----------+-------------------------------------------
     0 | Abyss:1  | Decritt the Hill Orc Abyssal Knight began the quest for the
                  | Orb.
     0 | Abyss:1  | Reached XP level 1. HP: 19/19 MP: 2/2
     0 | D:1      | Escaped the Abyss
   129 | D:1      | Reached * piety under Lugonu
   156 | D:1      | Reached XP level 2. HP: 23/27 MP: 4/4
   584 | D:1      | Reached XP level 3. HP: 33/33 MP: 5/5
  2014 | D:2      | Reached XP level 4. HP: 16/40 MP: 6/6
  2036 | D:2      | HP: 2/40 [poisoned by a worker ant]
  2960 | D:3      | Reached skill level 1 in Throwing
  3042 | D:3      | Reached XP level 5. HP: 37/47 MP: 7/7
  3116 | D:3      | Found an iron altar of Okawaru.
  3191 | D:3      | Noticed a sky beast
  3197 | D:3      | Killed a sky beast
  3197 | D:3      | Reached XP level 6. HP: 51/55 MP: 9/9
  3233 | D:3      | Noticed Natasha
  3242 | D:3      | Killed Natasha
  3288 | D:3      | Found a runed translucent door.
  3289 | D:3      | Noticed Crazy Yiuf
  3356 | D:3      | Killed Crazy Yiuf
  3356 | D:3      | Reached skill level 5 in Fighting
  3450 | D:3      | Noticed Natasha
  3456 | D:3      | Killed Natasha
  3456 | D:3      | Reached ** piety under Lugonu
  3513 | D:3      | Found a blossoming altar of Fedhas.
  3529 | D:3      | Found a stormy altar of Qazlal.
  3605 | D:3      | Noticed Natasha
  3619 | D:3      | Killed Natasha
  3771 | D:3      | You fall into a shaft and drop 1 floor!
  3837 | D:3      | Found a hazy altar of Hepliaklqana.
  4048 | D:4      | Reached skill level 5 in Axes
  4048 | D:4      | Reached XP level 7. HP: 61/61 MP: 10/10
  4232 | D:4      | Reached skill level 1 in Maces & Flails
  4232 | D:4      | Reached skill level 5 in Invocations
  4247 | D:4      | Reached skill level 1 in Evocations
  4434 | D:4      | Noticed Blork the orc
  4444 | D:4      | Killed Blork the orc
  4480 | D:4      | Blown up by an orc

Illustrated notes

Levels and vault maps discovered:
D:1:      kilobyte_arrival_exit_the_forest, layout_basic, hex_tiny
D:2:      layout_basic
D:3:      layout_loops_ring, grunt_temple_overflow_forces_of_nature,
          lemuel_round_altar, okawaru_ov_weapons_minmay,
          uniq_crazy_yiuf_cottage, uniq_natasha
D:4:      layout_cave_pools, uniq_blork_the_orc

Skill      XL: |  1  2  3  4  5  6  7 |
---------------+----------------------+-----
Axes           | 3 4 5 |  5.0
Invocations    | 3 4 5 |  5.4
Fighting       | 4 5 |  5.8
Armour         | 3 4 |  4.5
Throwing       | 1 2 |  2.8
Maces & Flails | 1 |  1.9
Evocations     | 1 |  1.4
Dodging        | |  0.7

Action                   |  1- 3 |  4- 6 |  7- 9 || total
-------------------------+-------+-------+-------++-------
Melee: Hand axe          |   116 |    72 |       ||   188
       Halberd           |       |    84 |     2 ||    86
       Mace              |       |       |    71 ||    71
Invok: Depart the Abyss  |     1 |       |       ||     1
       Bend Space        |       |       |     3 ||     3
  Use: Scroll            |     2 |     2 |       ||     4
       Potion            |     1 |       |     4 ||     5
Armor: Leather armour    |    32 |       |       ||    32
       Scale mail        |     8 |    45 |    24 ||    77
Dodge: Dodged            |    76 |   105 |    74 ||   255

Table legend: (Time is in decaauts)
 A = Elapsed time spent in this place.
 B = Non-inter-level travel time spent in this place.
 C = Inter-level travel time spent in this place.
 D = Time resting spent in this place.
 E = Time spent auto-exploring this place.
 F = Levels seen in this place.
 G = Mean time per level.
                   A        B        C        D        E       F      G
               +--------+--------+--------+--------+--------+-----+--------+
         Total |   4572 |   4518 |     54 |    535 |   2917 |   5 |  914.4 |
       Dungeon |   4572 |   4518 |     54 |    535 |   2917 |   4 | 1143.0 |
         Abyss |      0 |      0 |      0 |      0 |      0 |   1 |    0.0 |
               +--------+--------+--------+--------+--------+-----+--------+

Top non-repeatable levels by time:
     D:2: 1531 daAuts
     D:1: 1465 daAuts
     D:3: 1125 daAuts
     D:4: 450 daAuts
